 Dungeon Crawl Stone Soup version 0.25.1-2-g60ff931df9 (webtiles) character file.

Game seed: 2985990273613633454

669703 protoss039 the Archmage (level 27, -22/174 HPs)
             Began as a Deep Elf Earth Elementalist on Aug 2, 2020.
             Was the Champion of Sif Muna.
             Killed from afar by a spellforged servitor (48 damage)
             ... with a crystal spear
             ... summoned by the player character
             ... in the Vestibule of Hell on Aug 7, 2020.
             The game lasted 09:32:23 (102511 turns).

protoss039 the Archmage (DEEE)                    Turns: 102511, Time: 09:32:23

Health: -22/174    AC: 19    Str:  8    XL:     27
Magic:  0/65       EV: 18    Int: 34    God:    Sif Muna [******]
Gold:   9273       SH:  0    Dex: 21    Spells: 14/80 levels left

rFire    + + +     SeeInvis .   c - +10 short sword "Epuistragg" {vamp, +Blink rF++ rC+ Stlth-}
rCold    + + .     Gourm    .   (no shield)
rNeg     + + +     Faith    .   U - +2 robe {MR+}
rPois    ∞         Spirit   .   R - +0 hat of Nihilism {rF+}
rElec    .         Reflect  .   Q - +2 cloak {rCorr}
rCorr    +         Harm     .   N - +2 pair of gloves {Str+3}
MR       +++++                  C - +2 pair of boots
Stlth    +++.......             H - amulet of magic regeneration
HPRegen  0.39/turn              l - ring "Xyssiesi" {MR+ MP+9 Dex+6}
MPRegen  0.39/turn              T - ring "Tidi" {rF+ EV+4 Stlth+}

@: lich-form
A: no striking features
}: 4/15 runes: serpentine, barnacled, slimy, silver
a: End Transformation, Channel Magic, Forget Spell, Divine Exegesis, Renounce
Religion, Evoke Blink


You were in the Vestibule of Hell.
You worshipped Sif Muna.
Sif Muna was exalted by your worship.
You were not hungry.
You were a lich.
You visited 12 branches of the dungeon, and saw 59 of its levels.
You also visited: Trove, Gauntlet, Wizlab and Desolation.

You collected 12556 gold pieces.
You spent 3283 gold pieces at shops.

Inventory:

Hand Weapons
 c - the +10 short sword "Epuistragg" (weapon) {vamp, +Blink rF++ rC+ Stlth-}
   (You bought it in a shop on level 2 of the Orcish Mines)

   It inflicts no extra harm, but heals its wielder when it wounds a living foe.
   It greatly protects you from fire.
   It protects you from cold.
   It lets you blink.
   It makes you less stealthy.
 r - the +6 spear "Licocok" {vorpal, rF++ rN+ Str+3 Dex+3}
   (You found it in the Desolation of Salt)

   It inflicts extra damage upon your enemies.
   It affects your strength (+3).
   It affects your dexterity (+3).
   It greatly protects you from fire.
   It protects you from negative energy.
 O - the +4 glaive "Uron" {speed, rN+ Int+3 Dex-5 SInv}
   (You took it off a deep elf sorcerer on level 3 of the Elven Halls)

   Attacks with this weapon are significantly faster.
   It affects your intelligence (+3).
   It affects your dexterity (-5).
   It protects you from negative energy.
   It lets you see invisible.
Missiles
 s - 1282 stones (quivered)
 A - 10 throwing nets
Armour
 C - a +2 pair of boots (worn)
 N - a +2 pair of gloves of strength (worn)
 Q - a +2 cloak of preservation (worn)
 R - the +0 hat of Nihilism (worn) {rF+}
   (You bought it in a shop on level 1 of the Elven Halls)

   It protects you from fire.
 U - a +2 robe of magic resistance (worn)
 Y - a +2 cloak of magic resistance
Magical Staves
 y - an uncursed staff of wizardry
Jewellery
 l - the ring "Xyssiesi" (left hand) {MR+ MP+9 Dex+6}
   (You bought it in a shop on level 2 of the Orcish Mines)

   [ring of magical power]

   It affects your dexterity (+6).
   It affects your resistance to hostile enchantments.
   It affects your magic capacity (+9).
 n - the amulet "Kolauhec" {rF+ Regen+ Str+2}
   (You found it in a treasure trove)

   [amulet of regeneration]

   It affects your strength (+2).
   It protects you from fire.
   It increases your rate of regeneration.
 p - the amulet "Ebustun" {Reflect Int+4 SH+5}
   (You found it on level 3 of the Crypt)

   [amulet of reflection]

   It shields you and reflects attacks.
   It affects your intelligence (+4).
   It affects your SH (+5).
 H - an amulet of magic regeneration (around neck)
 T - the ring "Tidi" (right hand) {rF+ EV+4 Stlth+}
   (You found it on level 3 of the Crypt)

   [ring of evasion]

   It affects your evasion (+4).
   It protects you from fire.
   It makes you more stealthy.
 W - the ring "Guzuod" {MP+9 Str-2 Int+4 Dex+3 Slay+6}
   (You found it in a Gauntlet)

   [ring of magical power]

   It affects your strength (-2).
   It affects your intelligence (+4).
   It affects your dexterity (+3).
   It affects your accuracy and damage with ranged weapons and melee attacks
   (+6).
   It affects your magic capacity (+9).
 Z - an uncursed ring of flight
Wands
 K - a wand of acid (13)
 L - a wand of iceblast (52)
 V - a wand of digging (8)
Scrolls
 a - 27 scrolls of teleportation
 f - 11 scrolls of enchant weapon
 i - 24 scrolls of remove curse
 j - 7 scrolls of enchant armour
 k - 9 scrolls of fear
 q - 3 scrolls of blinking
 x - 11 scrolls of fog
 B - 15 scrolls of magic mapping
 F - 7 scrolls of identify
 J - 7 scrolls of amnesia
 P - 2 scrolls of summoning
Potions
 e - 2 potions of magic
 g - 5 potions of haste
 h - 19 potions of curing
 m - 10 potions of cancellation
 t - 5 potions of brilliance
 u - 2 potions of resistance
 v - 6 potions of heal wounds
 D - 9 potions of might
 G - 4 potions of flight
 M - 2 potions of invisibility
 S - 5 potions of mutation
 X - 2 potions of ambrosia
Miscellaneous
 o - a tin of tremorstones (3/3)
 w - a box of beasts
 z - 6 phantom mirrors
Comestibles
 d - 70 rations


   Skills:
 * Level 18.2 Fighting
   Level 9.0 Axes
 - Level 3.0 Dodging
 - Level 3.0 Stealth
 O Level 27 Spellcasting
 - Level 12.0 Conjurations
 - Level 10.0 Summonings
 * Level 18.8 Necromancy
 * Level 13.0 Transmutations
   Level 4.0 Fire Magic
 - Level 25.1 Earth Magic
 * Level 16.3 Invocations


You had 14 spell levels left.
You knew the following spells:

 Your Spells              Type           Power        Failure   Level  Hunger
a - Sandblast             Erth           ######       0%          1    N/A
b - Passwall              Tmut/Erth      ########     0%          2    N/A
c - Stone Arrow           Conj/Erth      ######       0%          3    N/A
d - Petrify               Tmut/Erth      ########     0%          4    N/A
e - Lee's Rapid Deconstr  Erth           ########..   0%          5    N/A
f - Borgnjor's Vile Clut  Necr/Erth      ########..   0%          5    N/A
g - Statue Form           Tmut/Erth      ########.    1%          6    N/A
h - Iron Shot             Conj/Erth      ########..   1%          6    N/A
i - Spellforged Servitor  Conj/Summ      #######...   4%          7    N/A
j - Lehudib's Crystal Sp  Conj/Erth      ########..   1%          8    N/A
k - Swiftness             Chrm/Air       #####...     1%          2    N/A
l - Shatter               Erth           ########..   1%          9    N/A
m - Necromutation         Tmut/Necr      ########..   4%          8    N/A

Your spell library contained the following spells:

 Spells                   Type           Power        Failure   Level  Hunger
 Animate Skeleton         Necr           N/A          0%          1    N/A
 Beastly Appendage        Tmut           ######       0%          1    N/A
 Magic Dart               Conj           ####         0%          1    N/A
 Pain                     Necr           ####         0%          1    N/A
 Summon Butterflies       Summ           #######.     0%          1    N/A
 Summon Small Mammal      Summ           ####         0%          1    N/A
 Call Imp                 Summ           #######.     0%          2    N/A
 Corpse Rot               Necr/Air       N/A          0%          2    N/A
 Searing Ray              Conj           ######       0%          2    N/A
 Sticks to Snakes         Tmut           #######.     0%          2    N/A
 Sublimation of Blood     Necr           ########..   0%          2    N/A
 Vampiric Draining        Necr           ########..   0%          3    N/A
 Animate Dead             Necr           N/A          0%          4    N/A
 Dispel Undead            Necr           ########     0%          4    N/A
 Agony                    Necr           ########     0%          5    N/A
 Apportation              Tloc           #####.       1%          1    N/A
 Corona                   Hex            #####..      1%          1    N/A
 Foxfire                  Conj/Fire      ####         1%          1    N/A
 Freeze                   Ice            ####         1%          1    N/A
 Infusion                 Chrm           ####         1%          1    N/A
 Shock                    Conj/Air       ####         1%          1    N/A
 Sting                    Tmut/Pois      ####         1%          1    N/A
 Blink                    Tloc           N/A          1%          2    N/A
 Ensorcelled Hibernation  Hex/Ice        #####.       1%          2    N/A
 Poisonous Vapours        Pois/Air       #####.       1%          2    N/A
 Shroud of Golubria       Chrm/Tloc      #####.       1%          2    N/A
 Slow                     Hex            #####...     1%          2    N/A
 Song of Slaying          Chrm           #####...     1%          2    N/A
 Call Canine Familiar     Summ           #######.     1%          3    N/A
 Confusing Touch          Hex            #####...     1%          3    N/A
 Conjure Flame            Conj/Fire      #######.     1%          3    N/A
 Dazzling Flash           Conj/Hex       ######       1%          3    N/A
 Frozen Ramparts          Ice            #####.       1%          3    N/A
 Gell's Gravitas          Tloc           #####.....   1%          3    N/A
 Ignite Poison            Fire/Tmut/Pois ######..     1%          3    N/A
 Inner Flame              Hex/Fire       ######..     1%          3    N/A
 Lesser Beckoning         Tloc           #####.....   1%          3    N/A
 Mephitic Cloud           Conj/Pois/Air  ######..     1%          3    N/A
 Ozocubu's Armour         Chrm/Ice       #####...     1%          3    N/A
 Portal Projectile        Hex/Tloc       #####.       1%          3    N/A
 Recall                   Summ/Tloc      N/A          1%          3    N/A
 Spectral Weapon          Hex/Chrm       #####...     1%          3    N/A
 Spider Form              Tmut/Pois      ######....   1%          3    N/A
 Static Discharge         Conj/Air       ######..     1%          3    N/A
 Summon Guardian Golem    Hex/Summ       ######..     1%          3    N/A
 Teleport Other           Tloc           #####...     1%          3    N/A
 Tukima's Dance           Hex            #####...     1%          3    N/A
 Fulminant Prism          Conj/Hex       ######....   1%          4    N/A
 Hailstorm                Conj/Ice       ######..     1%          4    N/A
 Ice Form                 Ice/Tmut       ######..     1%          4    N/A
 Iskenderun's Mystic Bla  Conj/Tloc      ######..     1%          4    N/A
 Leda's Liquefaction      Hex/Erth       #######...   1%          4    N/A
 Sticky Flame             Conj/Fire      #######.     1%          4    N/A
 Summon Ice Beast         Ice/Summ       ######..     1%          4    N/A
 Summon Lightning Spire   Summ/Air       ######..     1%          4    N/A
 Alistair's Intoxication  Tmut/Pois      ######..     1%          5    N/A
 Aura of Abjuration       Summ           #######...   1%          5    N/A
 Blade Hands              Tmut           #######...   1%          5    N/A
 Bolt of Magma            Conj/Fire/Erth #######...   1%          5    N/A
 Excruciating Wounds      Chrm/Necr      ########..   1%          5    N/A
 Fireball                 Conj/Fire      #######...   1%          5    N/A
 Irradiate                Conj/Tmut      #######...   1%          5    N/A
 Iskenderun's Battlesphe  Conj/Chrm      ######..     1%          5    N/A
 Lightning Bolt           Conj/Air       ######....   1%          5    N/A
 Summon Demon             Summ           #######...   1%          5    N/A
 Summon Forest            Summ/Tloc      ######....   1%          5    N/A
 Summon Mana Viper        Hex/Summ       ######..     1%          5    N/A
 Yara's Violent Unravell  Hex/Tmut       ######....   1%          5    N/A
 Death Channel            Necr           ########..   1%          6    N/A
 Hydra Form               Tmut           #######...   1%          6    N/A
 Shadow Creatures         Summ           N/A          1%          6    N/A
 Simulacrum               Ice/Necr       ########..   1%          6    N/A
 Dragon Form              Tmut           #######...   1%          7    N/A
 Haunt                    Necr/Summ      ########..   1%          7    N/A
 Borgnjor's Revivificati  Necr           ########..   1%          8    N/A
 Infestation              Necr           ########..   1%          8    N/A
 Starburst                Conj/Fire      #######...   2%          6    N/A
 Orb of Destruction       Conj           #######...   2%          7    N/A
 Airstrike                Air            #####.....   4%          4    N/A
 Cause Fear               Hex            #####.....   4%          4    N/A
 Olgreb's Toxic Radiance  Pois           #####...     4%          4    N/A
 Passage of Golubria      Tloc           N/A          4%          4    N/A
 Eringya's Noxious Bog    Tmut/Pois      ######....   4%          6    N/A
 Conjure Ball Lightning   Conj/Air       ######....   6%          6    N/A
 Monstrous Menagerie      Summ           #######...   6%          7    N/A
 Summon Greater Demon     Summ           #######...   6%          7    N/A
 Summon Hydra             Summ           #######...   6%          7    N/A
 Metabolic Englaciation   Hex/Ice        #####.....   13%         5    N/A
 Silence                  Hex/Air        #####.....   13%         5    N/A
 Freezing Cloud           Conj/Ice/Air   ######....   14%         6    N/A
 Malign Gateway           Summ/Tloc      ######....   45%         7    N/A
 Summon Horrible Things   Summ           #######...   45%         8    N/A
 Death's Door             Chrm/Necr      ########..   54%         8    N/A
 Darkness                 Hex            #####.....   56%         6    N/A
 Dispersal                Tloc           #####.....   56%         6    N/A
 Invisibility             Hex            #####...     56%         6    N/A
 Ozocubu's Refrigeration  Ice            #####.....   56%         6    N/A
 Ring of Flames           Chrm/Fire      ######....   86%         7    N/A
 Chain Lightning          Conj/Air       ######....   95%         8    N/A
 Ignition                 Fire           ######....   99%         8    N/A
 Controlled Blink         Tloc           N/A          100%        8    N/A
 Discord                  Hex            #####.....   100%        8    N/A
 Disjunction              Tloc           #####.....   100%        8    N/A
 Absolute Zero            Ice            #####.....   100%        9    N/A
 Dragon's Call            Summ           #######...   100%        9    N/A
 Fire Storm               Conj/Fire      #######...   100%        9    N/A
 Tornado                  Air            #####.....   100%        9    N/A

Dungeon Overview and Level Annotations

Branches:
Dungeon (15/15)            Temple (0/1) D:6            Lair (6/6) D:10
 Shoals (4/4) Lair:2        Snake (4/4) Lair:3        Slime (5/5) Lair:6
    Orc (2/2) D:9             Elf (3/3) Orc:2        Vaults (5/5) D:14
  Crypt (3/3) Vaults:2       Tomb (0/3) Crypt:3      Depths (5/5) D:15
   Hell (1/1)                 Dis (0/7) Hell            Geh (6/7) Hell
    Coc (0/7) Hell            Tar (0/7) Hell            Zot (0/5) Depths:5
 WizLab (visited)         Desolation (visited)      Gauntlet (visited)

Altars:
Ashenzari
Cheibriados
Dithmenos
Elyvilon
Fedhas
Gozag
Kikubaaqudgha
Makhleb
Okawaru
Qazlal
Ru
Sif Muna
Trog
Uskayaw
Vehumet
Yredelemnul
The Shining One
Jiyva

Shops:
D:10 *   Orc:2 [(=[*   Elf:1 [   Snake:4 =:%*(   Vaults:2 [

Portals:
Hell: Depths:1 Depths:2 Depths:3 Depths:4 Depths:5
Abyss: D:6 Depths:2 Depths:3 Depths:4 Depths:5
Pandemonium: Depths:3 Depths:5
Ziggurat: Depths:3

Annotations:
D:5 1 exclusion
D:6 2 transporters, jt's ghost, novice FoFi
D:14 1 runed translucent door, Uummannaq's ghost, journeyman MiFi
D:15 1 runed translucent door
Shoals:1 3 exclusions
Shoals:2 1 exclusion
Crypt:1 2 transporters, exclusion: obsidian statue
Depths:2 1 runed translucent door
Depths:3 1 exclusion
Depths:4 Boris
Depths:5 1 exclusion


Message History

Unknown command.
The sun demon hits you.
You are engulfed in flames.
You resist.
* * * LOW HITPOINT WARNING * * *
Unknown command.
Unknown command.
Unknown command.
Unknown command.
Casting: Spellforged Servitor (dangerous; 4% risk of failure)
Confirm with . or Enter, or press ? or * to list all spells.
You summon a servant imbued with your destructive magic!
The sun demon hits you!!
* * * LOW HITPOINT WARNING * * *
You are engulfed in flames.
You resist.
* * * LOW HITPOINT WARNING * * *
Unknown command.
Unknown command.
The sun demon barely misses you.
Your spellforged servitor casts a spell at the sun demon.
The crystal spear misses the sun demon.
The crystal spear hits you!!!
You die...

##....##..#.....#.
##......#'###......
##.........####.....
##............###....
##.............####...
##................####.
#.................####.
#...................###
#.....L.............###
#.....3...............#
#.....................#
#.....8................
#..≈≈≈.................
#.§#.§≈................
#.#.∩.#≈...............
#.#....#...............
#......§...............


You could see a sun demon and a friendly spellforged servitor (summoned).

Vanquished Creatures
  the Royal Jelly (Slime:5)
  Mara (Depths:4)
  2 juggernauts
  Bai Suzhen (Vaults:4)
  4 caustic shrikes
  3 golden dragons
  A bone dragon (Depths:5)
  3 Brimstone Fiends
  8 liches
  4 tentacled monstrosities
  7 titans
  Rupert (Lair:3)
  A kraken (Shoals:1)
  A deep elf master archer (Elf:3)
  A quicksilver dragon (Depths:4)
  2 deep elf blademasters (Elf:3)
  Frances (D:13)
  17 acid blobs
  8 ancient champions
  5 tengu reavers
  A tentacled starspawn (WizLab)
  5 sphinxes
  Kirke (Snake:2)
  5 storm dragons
  A storm dragon (shapeshifter) (Depths:5)
  6 shadow dragons
  5 nagarajas
  An azure jelly (shapeshifter) (Depths:2)
  14 azure jellies
  Donald (Elf:2)
  3 revenants
  9 fire giants
  9 frost giants
  10 deep elf sorcerers
  Ilsuiw (Shoals:2)
  2 imperial myrmidons (Desolation)
  2 balrugs
  4 curse skulls
  3 orc warlords
  Louise (Depths:3)
  2 draconian stormcallers
  Aizul (Elf:2)
  12 vault wardens
  4 deep elf elementalists
  2 ghouls
  9 ironheart preservers
  A draconian shifter (Depths:5)
  A juggernaut skeleton (Crypt:2)
  3 war gargoyles (Vaults:5)
  18 stone giants
  11 very ugly things
  4 reapers
  4 vampire knights
  4 entropy weavers
  A black draconian (WizLab)
  2 purple draconians (Depths:5)
  A lorocyproca (Depths:3)
  A minotaur (Gauntlet)
  3 halazid warlocks (Desolation)
  A deep elf demonologist (Vaults:1)
  4 deep elf annihilators
  An ettin (shapeshifter) (Vaults:5)
  3 spark wasps
  2 quicksilver dragon zombies
  17 ettins
  6 deep elf death magi
  Snorg (D:13)
  5 merfolk impalers
  Josephine (Lair:6)
  6 death oozes (Slime:5)
  A crystal guardian (Desolation)
  2 mummy priests (Crypt:3)
  12 fire dragons
  3 eidola
  3 ragged hierophants (Desolation)
  6 merfolk javelineers
  5 jiangshi
  6 hydras
  13 yaktaur captains
  12 naga warriors
  4 deep elf high priests
  5 peacekeepers (Desolation)
  35 vault guards
  3 spriggan air magi
  8 great orbs of eyes
  7 servants of whispers (Desolation)
  11 anacondas
  A hell beast (Hell)
  7 ice dragons
  A merfolk avatar (Shoals:4)
  6 rakshasas
  A ghost crab (Gauntlet)
  3 merfolk aquamancers
  11 hell hogs
  11 centaur warriors
  3 satyrs
  19 dancing weapons
  2 death knights
  60 two-headed ogres
  3 deep troll earth magi
  4 orc high priests (Orc:2)
  3 tengu warriors
  4 deep troll shamans
  15 ogre magi
  7 shock serpents
  10 vampire magi
  13 naga sharpshooters
  6 spriggan berserkers
  5 soul eaters
  2 titan zombies (Crypt:1)
  18 deep elf knights
  6 shadow wraiths
  41 hell knights
  A sun demon (Depths:1)
  An iron golem (Hell)
  An anaconda zombie (Geh:5)
  A fire crab (shapeshifter) (Vaults:2)
  13 skeletal warriors
  3 sixfirhies
  28 slime creatures
  An infernal demonspawn (Depths:5)
  2 iron trolls
  A salamander mystic (Snake:3)
  7 flayed ghosts
  5 unseen horrors
  A golden dragon zombie (Crypt:1)
  A deep troll (shapeshifter) (Depths:3)
  16 sea snakes
  A storm dragon skeleton (Crypt:3)
  2 glowing orange brains
  13 deep trolls
  9 wizards
  3 nameless horrors
  A swamp dragon (shapeshifter) (Depths:4)
  11 deep elf archers
  A lindwurm (Lair:6)
  A shadow dragon zombie (Crypt:1)
  An obsidian statue (WizLab)
  6 phantasmal warriors
  6 naga ritualists
  10 harpies
  17 ironbrand convokers
  13 orc knights
  15 necromancers
  A stone giant zombie (Geh:6)
  6 orc sorcerers
  9 salamanders
  5 oklob plants
  A fire giant zombie (Hell)
  4 shining eyes
  22 ugly things
  8 mana vipers
  20 fauns
  54 deep elf magi
  A wolf spider (shapeshifter) (Vaults:1)
  3 wolf spiders
  14 manticores
  An iron dragon zombie (Geh:4)
  2 worldbinders (WizLab)
  5 rust devils
  11 cyclopes
  3 centaur zombies
  A dire elephant zombie (Crypt:1)
  8 merfolk sirens
  Joseph (D:8)
  6 elephants
  30 naga magi
  4 molten gargoyles
  2 shock serpent zombies
  A stone giant skeleton (Vaults:3)
  3 water nymphs (Shoals:4)
  3 smoke demons
  35 black mambas
  3 gargoyles
  6 guardian serpents
  4 orange demons
  5 spiny frogs
  14 vault sentinels
  An elephant slug zombie (Crypt:2)
  2 ice statues
  A torpor snail (Lair:5)
  4 centaur skeletons
  2 efreet
  2 rime drakes
  A swamp worm zombie (Crypt:2)
  Maggie (D:8)
  A spiny frog (shapeshifter) (Vaults:2)
  52 yaktaurs
  5 hellions
  14 komodo dragons
  4 kobold demonologists
  7 freezing wraiths
  2 tormentors (Geh:4)
  A sea snake zombie (Crypt:1)
  A minotaur zombie (Crypt:3)
  A demonic crawler (Depths:1)
  3 tengu conjurers
  7 ice devils (Hell)
  A hellwing (Depths:3)
  An anaconda simulacrum (Hell)
  14 trolls
  A yellow draconian skeleton (Crypt:1)
  8 red devils
  A jumping spider (Vaults:1)
  A merfolk (shapeshifter) (Depths:1)
  An ancient zyme (WizLab)
  6 hornets
  A jumping spider (shapeshifter) (Vaults:2)
  20 merfolk
  3 meliai (Gauntlet)
  2 polar bears
  A polar bear (shapeshifter) (Depths:3)
  4 hydra zombies
  3 wind drakes
  45 saltlings (Desolation)
  9 hippogriffs
  A raiju (shapeshifter) (Vaults:5)
  A blink frog (shapeshifter) (Depths:3)
  4 snapping turtles
  32 blink frogs
  A fire giant simulacrum (Depths:4)
  2 ice dragon zombies
  A hippogriff (shapeshifter) (Vaults:1)
  2 iron dragon simulacra (Depths:4)
  10 dream sheep
  A snapping turtle (shapeshifter) (Depths:4)
  2 bog bodies (Crypt:1)
  25 flying skulls
  2 small abominations (WizLab)
  A centaur simulacrum (D:15)
  3 human simulacra
  9 shadows
  2 air elementals (Elf:1)
  A tarantella (Vaults:3)
  An ushabti (Crypt:3)
  13 water elementals
  A spriggan (Depths:5)
  3 wyverns
  A black mamba skeleton (Geh:4)
  20 yaks
  6 fire bats
  3 basilisks
  A basilisk (shapeshifter) (Depths:4)
  10 humans
  A vampire (D:13)
  13 fire elementals
  16 wraiths
  5 redbacks
  2 hogs (Snake:2)
  2 alligator skeletons
  An ettin skeleton (Vaults:3)
  3 hungry ghosts
  A chaos spawn (Depths:3)
  3 steam dragons (Lair:6)
  A water nymph zombie (Crypt:1)
  10 wargs
  2 acid dragons
  13 hell hounds
  45 nagas
  7 water moccasins
  2 spiny frog zombies
  A deep troll skeleton (Crypt:1)
  3 floating eyes (Depths:4)
  10 porcupines
  A soldier ant (shapeshifter) (Vaults:4)
  A hornet zombie (D:6)
  A gelid demonspawn skeleton (WizLab)
  5 sky beasts
  70 orc warriors
  11 ice beasts
  3 black bears
  4 eyes of draining
  2 phantoms
  A fire dragon simulacrum (Crypt:3)
  4 necrophages
  A human zombie (Vaults:3)
  43 ogres
  21 wolves
  A blink frog skeleton (Crypt:3)
  9 boggarts
  18 centaurs
  A centaur (shapeshifter) (Vaults:1)
  15 crocodiles
  A lindwurm skeleton (Crypt:1)
  6 big kobolds
  A salamander zombie (Crypt:1)
  A gnoll sergeant (D:10)
  12 bullfrogs
  2 earth elementals
  A yaktaur skeleton (Crypt:2)
  4 scorpions
  A wyvern skeleton (D:7)
  14 killer bees
  An oklob sapling (D:9)
  15 wights
  4 electric eels
  5 lava snakes (Lair:6)
  A yak skeleton (Crypt:2)
  3 howler monkeys
  11 crimson imps
  3 bullfrog zombies
  A soldier ant zombie (Crypt:2)
  10 hounds
  An iron imp (WizLab)
  27 orc priests
  3 jellies
  3 quasits
  3 bullfrog skeletons
  2 iguanas
  Terence (D:2)
  10 worker ants
  42 orc wizards
  A killer bee zombie (Crypt:3)
  An ogre zombie (Geh:3)
  A naga skeleton (Crypt:3)
  A hound skeleton (Crypt:2)
  16 gnolls
  A howler monkey zombie (D:8)
  A howler monkey skeleton (D:4)
  13 adders
  A steam dragon skeleton (Crypt:1)
  3 shadow imps
  4 white imps
  4 ufetubi (Depths:5)
  An ooze (D:1)
  An adder skeleton (D:5)
  A worm (D:4)
  A barachi zombie (Crypt:3)
  3 dart slugs
  6 leopard geckos
  113 orcs
  7 bats
  5 giant cockroaches
  8 goblins
  13 hobgoblins
  16 jackals
  3 quokkas
  7 ball pythons (D:9)
  8 frilled lizards
  A frilled lizard skeleton (Crypt:1)
  21 kobolds
  A leopard gecko zombie (D:5)
  An orc skeleton (Geh:1)
  2 quokka skeletons
  6 rats
  2 fungi
  A pillar of salt (Vaults:3)
  8 plants
  A starspawn tentacle (WizLab)
  3 tentacles (Shoals:1)
  A withered plant (Crypt:2)
2396 creatures vanquished.

Vanquished Creatures (collateral kills)
  A juggernaut (Depths:5)
  Saint Roka (Crypt:3)
  Frederick (Depths:5)
  A curse toe (Crypt:3)
  A caustic shrike (Depths:4)
  2 golden dragons
  Geryon (Hell)
  A profane servitor (Crypt:3)
  3 Brimstone Fiends (Geh:2)
  A lich (Crypt:2)
  2 tentacled monstrosities
  2 quicksilver dragons (Vaults:5)
  8 acid blobs
  A deep elf master archer (Elf:3)
  A deep elf blademaster (Elf:3)
  3 ancient champions (Crypt:3)
  3 shadow dragons
  A storm dragon (Depths:5)
  4 tengu reavers
  7 azure jellies (Slime:5)
  A balrug (Geh:4)
  A draconian scorcher (Geh:4)
  3 fire giants
  2 deep elf sorcerers (Elf:3)
  3 vault wardens
  2 orc warlords (Vaults:1)
  7 frost giants
  2 deep elf elementalists
  2 iron dragons
  5 ghouls
  A caustic shrike zombie (Depths:4)
  3 stone giants
  A reaper (Hell)
  3 vampire knights
  4 very ugly things
  6 deep elf annihilators (Elf:3)
  A red draconian (Depths:5)
  4 deep elf demonologists
  A white draconian (Depths:5)
  2 black draconians (Depths:5)
  A deep elf death mage (Elf:3)
  3 spark wasps
  3 eidola
  2 ettins (Depths:5)
  3 death oozes (Slime:5)
  A quicksilver dragon zombie (Geh:3)
  2 merfolk impalers (Shoals:4)
  4 ogre magi
  4 great orbs of eyes
  A deep elf high priest (Elf:3)
  2 fire dragons
  A quicksilver dragon skeleton (Geh:4)
  4 yaktaur captains
  2 jiangshi
  2 rakshasas
  2 ice dragons
  3 peacekeepers (Desolation)
  2 vault guards
  2 merfolk aquamancers
  2 spriggan air magi
  3 merfolk avatars (Shoals:4)
  8 dancing weapons
  An alligator snapping turtle (Shoals:4)
  A satyr (Shoals:2)
  8 two-headed ogres
  A hell hog (Geh:4)
  2 tengu warriors (Depths:1)
  A deep troll earth mage (Depths:5)
  A deep troll shaman (Vaults:2)
  27 hell knights
  4 sun demons
  2 spriggans
  3 deep elf knights
  A fire crab (Geh:4)
  3 skeletal warriors
  2 anaconda zombies
  4 deep trolls
  A ghost moth zombie (Hell)
  3 flayed ghosts
  2 sea snakes (Shoals:4)
  A deep elf archer (Vaults:2)
  An ironbrand convoker (Vaults:5)
  2 wizards (Vaults:3)
  4 necromancers
  4 phantasmal warriors
  2 shadow dragon zombies
  7 deep elf magi
  3 harpies (Shoals:3)
  2 orc knights
  10 ugly things
  4 fauns
  A frost giant zombie (Geh:1)
  A shining eye (Slime:4)
  An iron dragon skeleton (Geh:4)
  2 merfolk sirens (Shoals:4)
  2 rust devils
  A fire giant skeleton (Crypt:3)
  An eye of devastation (Slime:4)
  A dire elephant zombie (Geh:4)
  A nameless horror (Vaults:4)
  5 hellions
  A dire elephant skeleton (Geh:2)
  4 freezing wraiths
  A demonspawn skeleton (WizLab)
  4 efreet (Geh:4)
  2 demonic crawlers (WizLab)
  8 yaktaurs
  3 tormentors
  A tengu conjurer (Depths:1)
  A hydra zombie (Geh:4)
  8 red devils
  An ice devil (Hell)
  5 guardian mummies (Crypt:3)
  A queen ant zombie (Crypt:3)
  5 merfolk (Shoals:4)
  A large abomination (WizLab)
  3 blink frogs (WizLab)
  2 hornets
  9 saltlings (Desolation)
  2 bog bodies (Crypt:1)
  19 slime creatures
  An ice dragon zombie (Geh:4)
  An alligator zombie (Hell)
  A human simulacrum (Vaults:2)
  3 snapping turtles (Shoals:4)
  A shadow (Vaults:2)
  9 flying skulls
  A redback (shapeshifter) (Vaults:5)
  An ushabti (Crypt:3)
  4 water elementals
  A redback (Vaults:2)
  A spriggan (shapeshifter) (Elf:2)
  4 fire dragon skeletons
  2 ettin skeletons
  2 fire bats (Geh:3)
  4 wraiths
  14 fire elementals
  9 spatial vortices (WizLab)
  An insubstantial wisp (WizLab)
  A warg (Crypt:3)
  2 spiny frog zombies
  13 hell hounds
  A spiny frog skeleton (Geh:4)
  An orc warrior (Vaults:3)
  2 phantoms (Geh:2)
  A snapping turtle zombie (Geh:2)
  A boggart (Vaults:2)
  3 eyes of draining
  3 necrophages
  3 ogres
  An elf zombie (Crypt:3)
  An earth elemental (Elf:2)
  A spriggan zombie (Crypt:1)
  4 wights (Geh:4)
  A crimson imp (Geh:4)
  A bullfrog zombie (Crypt:2)
  2 orc wizards
  A tengu zombie (Geh:2)
  6 orcs
  A starspawn tentacle (WizLab)
470 creatures vanquished.

Vanquished Creatures (others)
  An eldritch tentacle (WizLab)
  A hell hog (Geh:4)
  A deep elf knight (Elf:2)
  An ugly thing (Depths:1)
  A vault sentinel (Vaults:2)
  3 humans
  An ogre (Vaults:1)
  A wight (Geh:4)
  A bush (Lair:5)
  6 fungi
  10 plants
  16 tentacles (Shoals:1)
  29 withered plants (Crypt:2)
72 creatures vanquished.

Grand Total: 2938 creatures vanquished

Notes
Turn   | Place    | Note
-------+----------+-------------------------------------------
     0 | D:1      | protoss039 the Deep Elf Earth Elementalist began the quest
                  | for the Orb.
     0 | D:1      | Reached XP level 1. HP: 10/10 MP: 6/6
   182 | D:1      | Reached XP level 2. HP: 15/15 MP: 6/8
   787 | D:1      | Reached XP level 3. HP: 18/19 MP: 6/9
   851 | D:1      | Learned a level 2 spell: Passwall
   855 | D:1      | Learned a level 3 spell: Stone Arrow
  1342 | D:1      | Reached skill level 4 in Spellcasting
  1603 | D:2      | Found a shadowy altar of Dithmenos.
  1931 | D:2      | Noticed Terence
  1933 | D:2      | Reached XP level 4. HP: 24/24 MP: 8/12
  1935 | D:2      | Killed Terence
  2649 | D:3      | Reached skill level 1 in Conjurations
  2650 | D:3      | Reached XP level 5. HP: 28/28 MP: 7/14
  2776 | D:3      | Reached skill level 5 in Spellcasting
  3113 | D:3      | Found a faded altar of an unknown god.
  3520 | D:3      | Learned a level 4 spell: Petrify
  3528 | D:4      | Reached skill level 5 in Earth Magic
  3711 | D:4      | Reached XP level 6. HP: 22/32 MP: 3/16
  3901 | D:4      | Reached skill level 6 in Spellcasting
  4352 | D:4      | Found a white marble altar of Elyvilon.
  4472 | D:5      | Entered Level 5 of the Dungeon
  4493 | D:5      | Reached skill level 7 in Spellcasting
  4495 | D:5      | Reached XP level 7. HP: 36/36 MP: 10/19
  4621 | D:5      | Learned a level 5 spell: Lee's Rapid Deconstruction
  4757 | D:5      | Reached skill level 8 in Spellcasting
  4940 | D:5      | Got a dull robe
  4951 | D:5      | Identified the +1 robe of Osid {Harm Int+8} (You found it
                  | on level 5 of the Dungeon)
  5149 | D:5      | Found a shimmering blue altar of Sif Muna.
  5229 | D:5      | Became a worshipper of Sif Muna the Loreminder
  5253 | D:5      | Found a glowing golden altar of the Shining One.
  5253 | D:5      | Found a snail-covered altar of Cheibriados.
  5468 | D:6      | Reached XP level 8. HP: 41/41 MP: 15/22
  5479 | D:6      | Reached skill level 9 in Spellcasting
  5479 | D:6      | Reached skill level 1 in Invocations
  5618 | D:6      | Reached skill level 1 in Fighting
  5635 | D:6      | Found a transporter.
  5640 | D:6      | Noticed a purple ugly thing
  5642 | D:6      | Noticed jt's ghost (novice FoFi)
  5642 | D:6      | Noticed an ancient zyme
  5654 | D:6      | Found an opulent altar of Gozag.
  5682 | D:6      | Found a staircase to the Ecumenical Temple.
  5702 | D:6      | Reached * piety under Sif Muna
  5994 | D:6      | Found an ancient bone altar of Kikubaaqudgha.
  6224 | D:6      | Found a hide-covered altar of Uskayaw.
  6359 | D:6      | Found a one-way gate to the infinite horrors of the Abyss.
  6368 | D:6      | Identified the +3 scimitar "Heenubrogh" {distort, *Noise
                  | MR+ Stlth+}
  6388 | D:6      | Found a transporter.
  6532 | D:7      | Reached skill level 10 in Spellcasting
  6532 | D:7      | Reached XP level 9. HP: 43/48 MP: 13/25
  6715 | D:7      | Learned a level 5 spell: Fireball
  6767 | D:7      | Found a glowing golden altar of the Shining One.
  7164 | D:7      | Reached skill level 1 in Fire Magic
  7341 | D:7      | Found an iron altar of Okawaru.
  7656 | D:7      | Found a burning altar of Makhleb.
  7673 | D:7      | Found a radiant altar of Vehumet.
  7822 | D:8      | Noticed Maggie
  7827 | D:8      | Killed Maggie
  7827 | D:8      | Reached skill level 11 in Spellcasting
  8080 | D:8      | Found a stormy altar of Qazlal.
  8215 | D:8      | Reached ** piety under Sif Muna
  8349 | D:9      | Noticed an oklob plant
  8576 | D:9      | Found a blossoming altar of Fedhas.
  8678 | D:9      | Reached XP level 10. HP: 55/56 MP: 12/27
  8903 | D:9      | Found a bloodstained altar of Trog.
  9016 | D:9      | Noticed a two-headed ogre
  9019 | D:9      | Killed a two-headed ogre
  9019 | D:9      | Reached skill level 5 in Conjurations
  9213 | D:8      | Found a burning altar of Makhleb.
  9219 | D:8      | Reached skill level 5 in Invocations
  9221 | D:8      | Reached *** piety under Sif Muna
  9225 | D:8      | Noticed Joseph
  9306 | D:8      | Identified a scroll of acquirement
  9308 | D:8      | Acquired 2700 gold pieces
  9349 | D:8      | Killed Joseph
  9349 | D:8      | Reached skill level 10 in Earth Magic
  9616 | D:9      | Reached skill level 12 in Spellcasting
  9809 | D:9      | Found a staircase to the Orcish Mines.
 10194 | D:9      | Killed an oklob plant
 10269 | D:9      | Identified the Grimoire of Nature
 10458 | D:10     | Entered Level 10 of the Dungeon
 10622 | D:10     | Reached XP level 11. HP: 62/62 MP: 19/29
 10879 | D:10     | Found a staircase to the Lair.
 10904 | D:10     | Reached **** piety under Sif Muna
 11035 | D:10     | Reached skill level 13 in Spellcasting
 11082 | D:10     | Found Deerch's Elemental Accessories.
 11431 | D:10     | Noticed an unseen horror
 11433 | D:10     | Killed an unseen horror
 11494 | D:10     | Noticed a two-headed ogre
 11498 | D:10     | Killed a two-headed ogre
 11817 | D:11     | Reached skill level 5 in Fighting
 12271 | D:11     | Noticed a two-headed ogre
 12273 | D:11     | Killed a two-headed ogre
 12654 | D:11     | Reached skill level 14 in Spellcasting
 12659 | D:11     | Noticed a white ugly thing
 12734 | D:11     | Killed a white ugly thing
 12910 | D:11     | Found a snail-covered altar of Cheibriados.
 13321 | D:12     | Noticed an unseen horror
 13323 | D:12     | Killed an unseen horror
 13323 | D:12     | Reached XP level 12. HP: 68/68 MP: 25/32
 13556 | D:12     | Noticed a two-headed ogre
 13559 | D:12     | Killed a two-headed ogre
 13566 | D:12     | Reached ***** piety under Sif Muna
 13566 | D:12     | Identified Sif Muna's Grimoire of Aerial Ice (Sif Muna
                  | gifted it to you on level 12 of the Dungeon)
 13566 | D:12     | Received a gift from Sif Muna
 13916 | D:12     | Reached skill level 15 in Spellcasting
 14696 | D:13     | Noticed Frances
 14697 | D:13     | Noticed Snorg
 14715 | D:13     | Killed Snorg
 14715 | D:13     | Killed Frances
 14870 | D:13     | Noticed a two-headed ogre
 14873 | D:13     | Killed a two-headed ogre
 14975 | D:13     | Noticed a four-headed hydra
 14986 | D:13     | Killed a four-headed hydra
 15232 | D:13     | Found a sacrificial altar of Ru.
 15243 | D:13     | Reached skill level 16 in Spellcasting
 15243 | D:13     | Noticed a centaur warrior
 15253 | D:13     | Killed a centaur warrior
 15253 | D:13     | Reached XP level 13. HP: 41/76 MP: 8/35
 16558 | D:14     | Found a shadowy altar of Dithmenos.
 16984 | D:14     | Reached skill level 17 in Spellcasting
 17203 | D:14     | Received a gift from Sif Muna
 17673 | D:14     | Found a runed translucent door.
 17673 | D:14     | Noticed Uummannaq's ghost (journeyman MiFi)
 17822 | D:14     | Found a gate to the Vaults.
 17883 | D:14     | Learned a level 6 spell: Iron Shot
 17890 | D:14     | Learned a level 6 spell: Starburst
 17891 | D:15     | Entered Level 15 of the Dungeon
 18170 | D:15     | Got a blackened trident
 18171 | D:15     | Identified the +8 trident of Sharp Indomitability {vorpal,
                  | rPois rC+} (You found it on level 15 of the Dungeon)
 18534 | D:15     | Reached XP level 14. HP: 82/82 MP: 31/37
 18544 | D:15     | Reached skill level 10 in Invocations
 18800 | D:15     | Found a portal to a secret trove of treasure.
 19141 | D:15     | Found a staircase to the Depths.
 19497 | D:15     | Found a runed translucent door.
 19499 | D:15     | Noticed a tengu reaver
 19867 | Lair:1   | Entered Level 1 of the Lair of Beasts
 19966 | Lair:1   | Learned a level 7 spell: Spellforged Servitor
 20106 | Lair:1   | Reached skill level 15 in Earth Magic
 20315 | Lair:1   | Reached skill level 1 in Summonings
 21122 | Lair:2   | Found a staircase to the Shoals.
 21131 | Lair:2   | Reached skill level 18 in Spellcasting
 22186 | Lair:3   | Found a staircase to the Snake Pit.
 22343 | Lair:3   | Noticed Rupert
 22346 | Lair:3   | Killed Rupert
 23850 | Lair:5   | Received a gift from Sif Muna
 23913 | Lair:5   | Found a gate leading to a gauntlet.
 24094 | Gauntlet | Entered a Gauntlet
 24094 | Gauntlet | Found a transporter.
 24272 | Gauntlet | Found a transporter.
 24289 | Gauntlet | Found a transporter.
 24292 | Gauntlet | Found a transporter.
 24311 | Gauntlet | Found a transporter.
 24324 | Gauntlet | Found a transporter.
 24328 | Gauntlet | Found a transporter.
 24332 | Gauntlet | Found a transporter.
 24362 | Gauntlet | Found a transporter.
 24362 | Gauntlet | Found a transporter.
 24370 | Gauntlet | Found a transporter.
 24407 | Gauntlet | Found a transporter.
 24466 | Gauntlet | Got a brightly glowing iron amulet
 24647 | Gauntlet | Identified the amulet of Pazameq {Acrobat rC- Str+7 Dex+4}
                  | (You found it in a Gauntlet)
 24682 | Gauntlet | Identified the ring of Asiriej {MR+ EV+4 Int+2}
 24701 | Gauntlet | Got an ancient tin ring
 24785 | Lair:5   | Identified the ring "Guzuod" {MP+9 Str-2 Int+4 Dex+3
                  | Slay+6} (You found it in a Gauntlet)
 25668 | Lair:5   | Got a masterwork short sword
 25670 | Lair:5   | Identified the +0 short sword of the Hall of Blades {venom,
                  | rC+} (You found it on level 5 of the Lair of Beasts)
 25688 | Lair:5   | Reached XP level 15. HP: 89/89 MP: 37/39
 25837 | Lair:6   | Entered Level 6 of the Lair of Beasts
 26050 | Lair:6   | Found a staircase to the Slime Pits.
 26050 | Lair:6   | Found a viscous altar of Jiyva.
 26292 | Lair:6   | Identified Sif Muna's Tome of Attacks (Sif Muna gifted it
                  | to you on level 6 of the Lair of Beasts)
 26292 | Lair:6   | Received a gift from Sif Muna
 26978 | Lair:6   | Reached skill level 19 in Spellcasting
 27465 | Lair:6   | Reached skill level 5 in Summonings
 27498 | Lair:6   | Noticed Josephine
 27503 | Lair:6   | Killed Josephine
 27850 | Lair:6   | Found a large runed translucent door.
 27851 | Lair:6   | Found a large runed translucent door.
 28688 | Orc:1    | Entered Level 1 of the Orcish Mines
 28908 | D:9      | Learned a level 3 spell: Mephitic Cloud
 28912 | D:9      | Learned a level 3 spell: Ozocubu's Armour
 29594 | Orc:2    | Entered Level 2 of the Orcish Mines
 29686 | Orc:2    | Noticed an orc warlord
 29693 | Orc:2    | Received a gift from Sif Muna
 29694 | Orc:2    | Killed an orc warlord
 29913 | Orc:2    | Found a staircase to the Elven Halls.
 29945 | Orc:2    | Found Essiptia's Antique Armour Shop.
 31256 | Orc:2    | Identified Sif Muna's Papyrus of Dusty Conjuration (Sif
                  | Muna gifted it to you on level 2 of the Orcish Mines)
 31256 | Orc:2    | Received a gift from Sif Muna
 31266 | Orc:2    | Learned a level 6 spell: Statue Form
 31342 | Orc:2    | Noticed an orc warlord
 31371 | Orc:2    | Killed an orc warlord
 31647 | Orc:2    | Reached skill level 20 in Spellcasting
 32297 | Orc:2    | Found Buyluf's General Store.
 32298 | Orc:2    | Found Tuezunu's Jewellery Boutique.
 32299 | Orc:2    | Found Okhloicot's Antique Armour Boutique.
 32299 | Orc:2    | Found Wegige's Antique Weapon Shop.
 32318 | Orc:2    | Bought the +10 short sword "Epuistragg" {vamp, +Blink rF++
                  | rC+ Stlth-} for 1441 gold pieces
 32424 | Orc:2    | Bought a pair of glowing boots for 157 gold pieces
 32517 | Orc:2    | Bought the ring "Xyssiesi" {MR+ MP+9 Dex+6} for 678 gold
                  | pieces
 32869 | Snake:1  | Entered Level 1 of the Snake Pit
 33028 | Lair:3   | Learned a level 2 spell: Swiftness
 33034 | Snake:1  | Reached XP level 16. HP: 96/96 MP: 42/42
 34631 | Snake:1  | Identified Xaesken's Papyrus of the Mountains (Sif Muna
                  | gifted it to you on level 1 of the Snake Pit)
 34631 | Snake:1  | Received a gift from Sif Muna
 34640 | Snake:1  | Learned a level 5 spell: Borgnjor's Vile Clutch
 34809 | Snake:2  | Noticed Kirke
 34943 | Snake:2  | Killed Kirke
 35370 | Snake:2  | Reached skill level 1 in Necromancy
 36111 | Lair:4   | Got a translucent amber ring
 36190 | Snake:2  | Identified the ring "Xuithri" {Ice +Fly rElec Int-4 Slay+3}
                  | (You found it on level 4 of the Lair of Beasts)
 36233 | Snake:2  | Reached skill level 10 in Conjurations
 37047 | Snake:3  | Reached skill level 21 in Spellcasting
 38167 | Snake:4  | Entered Level 4 of the Snake Pit
 38391 | Snake:4  | Found Ytafepp's Antique Weapon Shop.
 38395 | Snake:4  | Found Xeuhin's Food Shop.
 38395 | Snake:4  | Found Fyeleej's General Store.
 38395 | Snake:4  | Found Deepn's Book Shop.
 38400 | Snake:4  | Reached skill level 5 in Necromancy
 38449 | Snake:4  | Bought a scroll of identify for 24 gold pieces
 38449 | Snake:4  | Bought a scroll of teleportation for 36 gold pieces
 38582 | Snake:4  | HP: 2/97 [shock serpent/bolt of electricity (28)]
 39580 | Snake:4  | Reached XP level 17. HP: 82/101 MP: 41/44
 39866 | Snake:4  | Reached skill level 10 in Fighting
 39878 | Snake:4  | Identified Sif Muna's Incunabulum of Conjuration and Black
                  | Arts (Sif Muna gifted it to you on level 4 of the Snake
                  | Pit)
 39878 | Snake:4  | Received a gift from Sif Muna
 40216 | Snake:4  | Found Wyucw's Jewellery Shop.
 41847 | Snake:4  | Got a serpentine rune of Zot
 41946 | Snake:4  | Bought a fading mace for 248 gold pieces
 41946 | Snake:4  | Identified the cursed +2 mace "Zesej" {speed, +Inv} (You
                  | bought it in a shop on level 4 of the Snake Pit)
 42123 | Shoals:1 | Entered Level 1 of the Shoals
 42177 | Shoals:1 | Got an ichor-stained battleaxe
 42178 | Shoals:1 | Identified the +7 battleaxe of the Other Side {vorpal,
                  | rElec rF++} (You found it on level 1 of the Shoals)
 43173 | Shoals:1 | Noticed a kraken
 43233 | Shoals:1 | Killed a kraken
 43723 | Shoals:2 | Noticed Ilsuiw
 43729 | Shoals:2 | Reached skill level 10 in Summonings
 43767 | Shoals:2 | Reached skill level 1 in Axes
 43789 | Shoals:2 | Killed Ilsuiw
 45372 | Shoals:3 | Identified Sif Muna's Tome of Flamy Cold (Sif Muna gifted
                  | it to you on level 3 of the Shoals)
 45372 | Shoals:3 | Received a gift from Sif Muna
 45486 | Shoals:3 | Reached skill level 5 in Axes
 46481 | Shoals:3 | Reached XP level 18. HP: 101/107 MP: 45/45
 47091 | Orc:2    | Bought 2 scrolls of amnesia for 105 gold pieces
 47101 | Orc:2    | Learned a level 8 spell: Lehudib's Crystal Spear
 47344 | Shoals:4 | Entered Level 4 of the Shoals
 47768 | Shoals:4 | Got a spiked leather armour
 48174 | Shoals:4 | Identified the +4 chain mail of the Zebra {rF++ MP-9}
 48217 | Shoals:4 | Got an ichor-stained quarterstaff
 48314 | Shoals:4 | Identified the +5 quarterstaff of the Modern Souls {vorpal,
                  | Str+9} (You found it on level 4 of the Shoals)
 48613 | Shoals:4 | Identified Sif Muna's Papyrus of Summoning (Sif Muna gifted
                  | it to you on level 4 of the Shoals)
 48613 | Shoals:4 | Received a gift from Sif Muna
 49087 | Shoals:4 | Got a barnacled rune of Zot
 50146 | Orc:2    | Identified the +3 leather armour of Pride {Str+5 Dex-4}
                  | (You found it on level 4 of the Shoals)
 50174 | Elf:1    | Entered Level 1 of the Elven Halls
 50684 | Elf:1    | Reached skill level 22 in Spellcasting
 50939 | Elf:1    | Found Uhycet's Antique Armour Boutique.
 50949 | Elf:1    | Bought an encrusted hat for 324 gold pieces
 50949 | Elf:1    | Bought a glowing cloak for 270 gold pieces
 50959 | Elf:1    | Identified the +0 hat of Nihilism {rF+} (You bought it in a
                  | shop on level 1 of the Elven Halls)
 51317 | Elf:2    | Identified Sif Muna's Tome of Conjuration (Sif Muna gifted
                  | it to you on level 2 of the Elven Halls)
 51317 | Elf:2    | Received a gift from Sif Muna
 51524 | Elf:2    | Noticed Aizul
 51529 | Elf:2    | Killed Aizul
 51700 | Elf:2    | Reached skill level 5 in Transmutations
 52359 | Elf:2    | Found a runed translucent gate.
 52359 | Elf:2    | Found a runed translucent gate.
 52364 | Elf:2    | Found a runed translucent gate.
 52422 | Elf:2    | Noticed Donald
 52429 | Elf:2    | Reached XP level 19. HP: 71/113 MP: 1/47
 52438 | Elf:2    | Killed Donald
 53457 | Elf:3    | Entered Level 3 of the Elven Halls
 53621 | Elf:3    | Found a magical portal.
 53689 | WizLab   | Entered The Roulette of Golubria
 53689 | WizLab   | Found a transporter.
 53696 | WizLab   | Found a corrupted altar of Lugonu.
 53726 | WizLab   | Found a transporter.
 53816 | WizLab   | Found a corrupted altar of Lugonu.
 53819 | WizLab   | Found a transporter.
 53834 | WizLab   | Found a transporter.
 53850 | WizLab   | Found a transporter.
 53879 | WizLab   | Found a transporter.
 53940 | WizLab   | Found a transporter.
 53974 | WizLab   | Found a transporter.
 53991 | WizLab   | Found a transporter.
 54005 | WizLab   | Found a transporter.
 54017 | WizLab   | Found a transporter.
 54144 | WizLab   | Found a transporter.
 54203 | WizLab   | Found a transporter.
 54206 | WizLab   | Received a gift from Sif Muna
 54266 | WizLab   | Found a transporter.
 54266 | WizLab   | Found a transporter.
 54344 | WizLab   | Found a transporter.
 54344 | WizLab   | Found a transporter.
 54425 | WizLab   | Found a transporter.
 54425 | WizLab   | Found a transporter.
 54619 | WizLab   | Found a transporter.
 54749 | WizLab   | Got a dazzling cloak
 54789 | WizLab   | Identified the +0 cloak "Puloeq" {-Cast Harm rElec} (You
                  | found it in a wizard's laboratory)
 54789 | WizLab   | Got a buzzing cloak
 54800 | WizLab   | Identified the cursed +0 cloak of the Unstoppable Souls
                  | {rF- Int+4 SInv} (You found it in a wizard's laboratory)
 54804 | WizLab   | Got a steaming cloak
 54818 | WizLab   | Identified the +1 cloak of Fercha {rN+} (You found it in a
                  | wizard's laboratory)
 54827 | WizLab   | Got a translucent cloak
 54836 | WizLab   | Identified the +1 cloak of Murruono {rElec} (You found it
                  | in a wizard's laboratory)
 56034 | Elf:3    | Reached skill level 23 in Spellcasting
 56061 | Elf:3    | Noticed a Brimstone Fiend
 56483 | Elf:3    | Identified the +3 ring mail "Ysuplof" {MR++}
 56489 | Elf:3    | Identified the amulet of Impatience {Faith Str+4 Dex+3}
 56505 | Elf:3    | Identified the +11 dagger of the Mouth {freeze, +Rage
                  | Dex+3}
 56677 | Elf:3    | Identified the +4 glaive "Uron" {speed, rN+ Int+3 Dex-5
                  | SInv}
 57785 | Vaults:1 | Entered Level 1 of the Vaults
 57790 | Vaults:1 | Received a gift from Sif Muna
 57872 | D:14     | Learned a level 9 spell: Shatter
 58434 | Vaults:1 | Reached XP level 20. HP: 120/120 MP: 13/49
 60249 | Vaults:1 | Reached skill level 24 in Spellcasting
 60695 | Vaults:2 | Identified Sif Muna's Guide on Lucky Sinister Magic (Sif
                  | Muna gifted it to you on level 2 of the Vaults)
 60695 | Vaults:2 | Received a gift from Sif Muna
 61325 | Vaults:2 | Acquired the +0 hat of Zin's Envy {-Tele +Fly MR+ Slay+3}
 61458 | Vaults:2 | Found Reru's Armour Shoppe.
 62059 | Vaults:2 | Found a staircase to the Crypt.
 62072 | Vaults:2 | Found a shimmering blue altar of Sif Muna.
 63222 | D:15     | You paid a toll of +3 storm dragon scales to enter a
                  | treasure trove
 63223 | Trove    | Entered a treasure trove
 63272 | Trove    | Got a sparkling ruby amulet
 63274 | Trove    | Got a transparent sapphire amulet
 63300 | Trove    | Got an ancient executioner's axe
 63316 | D:15     | Identified the amulet of Olem {rElec Regen+} (You found it
                  | in a treasure trove)
 63318 | D:15     | Identified the amulet "Kolauhec" {rF+ Regen+ Str+2} (You
                  | found it in a treasure trove)
 63527 | Vaults:2 | Identified the +3 executioner's axe "Foch" {flame, Str+4
                  | Stlth+} (You found it in a treasure trove)
 63554 | Vaults:3 | Reached skill level 10 in Transmutations
 63828 | Vaults:3 | Found a ruined gateway.
 63854 | Desolati | Entered the Desolation of Salt
 64064 | Desolati | Identified Sif Muna's Guide on Twisted Creation (Sif Muna
                  | gifted it to you in the Desolation of Salt)
 64064 | Desolati | Received a gift from Sif Muna
 64581 | Desolati | Identified the ring "Qeots" {Dex+9 Stlth-}
 64608 | Desolati | Identified the ring of the Soothsayer {Fire rN+ MR- Int+4}
 64944 | Desolati | Reached XP level 21. HP: 127/127 MP: 42/51
 64946 | Desolati | Identified the amulet of Weown {Faith +Blink rC+ Dex-2
                  | Slay+2}
 65468 | Desolati | Got a faintly glowing spear
 65579 | Desolati | Got a smoking robe
 65584 | Desolati | Got a shimmering scimitar
 65590 | Desolati | Identified the +6 spear "Licocok" {vorpal, rF++ rN+ Str+3
                  | Dex+3} (You found it in the Desolation of Salt)
 65591 | Desolati | Identified the +5 scimitar of Tension {antimagic, SInv}
                  | (You found it in the Desolation of Salt)
 65594 | Desolati | Got a masterwork rapier
 65595 | Desolati | Identified the +9 rapier of Secath {vamp, *Corrode Str+3
                  | Dex+2 SInv} (You found it in the Desolation of Salt)
 66013 | Desolati | Identified the Grimoire of Flight and Attacks
 66017 | Desolati | Identified Hugoo's Handbook of the Toxic Oath
 66275 | Vaults:3 | Identified the +1 robe "Maewn" {*Drain Regen+ Stlth+} (You
                  | found it in the Desolation of Salt)
 67837 | Vaults:3 | Identified Sif Muna's Reference Book on Confrontation (Sif
                  | Muna gifted it to you on level 3 of the Vaults)
 67837 | Vaults:3 | Received a gift from Sif Muna
 69618 | Vaults:4 | Noticed Bai Suzhen
 69701 | Vaults:4 | Killed Bai Suzhen
 70015 | Vaults:4 | Received a gift from Sif Muna
 70946 | Vaults:4 | Reached XP level 22. HP: 105/132 MP: 8/52
 71458 | Vaults:4 | Reached XP level 23. HP: 138/138 MP: 53/53
 71812 | Depths:1 | Entered Level 1 of the Depths
 72454 | Depths:1 | You fall into a shaft and drop 1 floor!
 72843 | Depths:1 | Found a shattered altar of Ashenzari.
 72884 | Depths:1 | Identified Sif Muna's Handbook of Toxic Evil (Sif Muna
                  | gifted it to you on level 1 of the Depths)
 72884 | Depths:1 | Received a gift from Sif Muna
 73339 | Depths:1 | Found a gateway to Hell.
 74836 | Depths:2 | Reached skill level 25 in Spellcasting
 75399 | Depths:2 | Noticed a juggernaut
 75407 | Depths:2 | Killed a juggernaut
 75651 | Depths:2 | You fall into a shaft and drop 1 floor!
 75670 | Depths:3 | Noticed Louise
 75671 | Depths:3 | Found a gateway to a ziggurat.
 75678 | Depths:3 | Killed Louise
 75780 | Depths:2 | Identified the +10 flail "Vaenk" {pain, +Fly Str+6 Int-4}
 75910 | Depths:2 | Found a runed translucent door.
 75910 | Depths:2 | Noticed a caustic shrike
 75911 | Depths:2 | Found a runed translucent door.
 75918 | Depths:2 | Killed a caustic shrike
 75918 | Depths:2 | Received a gift from Sif Muna
 75983 | Depths:2 | Identified Sif Muna's Grimoire of Boosting Enchantment
 75983 | Depths:2 | Identified Vahoele's Catalogue of Warped Heat
 76854 | Depths:3 | Reached skill level 26 in Spellcasting
 77475 | Depths:3 | Reached XP level 24. HP: 130/148 MP: 55/55
 77834 | Depths:3 | Reached skill level 27 in Spellcasting
 78218 | Depths:3 | Found a one-way gate leading to the halls of Pandemonium.
 78334 | Depths:3 | Found a glowing golden altar of the Shining One.
 78593 | Depths:4 | Identified Sif Muna's Guide on the Noxious Volcanoes (Sif
                  | Muna gifted it to you on level 4 of the Depths)
 78593 | Depths:4 | Received a gift from Sif Muna
 78806 | Depths:4 | Reached skill level 15 in Fighting
 79161 | Depths:4 | Noticed Mara
 79179 | Depths:4 | Noticed protoss039's illusion
 79195 | Depths:4 | Noticed protoss039's illusion
 79210 | Depths:4 | Killed Mara
 79484 | Depths:4 | Paralysed by a floating eye for 3 turns
 79493 | Depths:4 | Paralysed by a floating eye for 2 turns
 79672 | Depths:4 | Noticed a juggernaut
 79678 | Depths:4 | Killed a juggernaut
 80103 | Depths:4 | Noticed Boris
 81147 | Depths:5 | Entered Level 5 of the Depths
 81328 | Depths:5 | Identified the +8 chain mail of the Shore {Stlth+}
 81605 | Depths:5 | Received a gift from Sif Muna
 81727 | Depths:5 | Noticed Frederick
 81754 | Depths:5 | Killed Frederick
 81818 | Depths:5 | Noticed a juggernaut
 81833 | Depths:5 | Killed a juggernaut
 81833 | Depths:5 | Reached XP level 25. HP: 128/160 MP: 16/56
 83037 | Depths:5 | Found a gate to the Realm of Zot.
 83741 | Vaults:5 | Entered Level 5 of the Vaults
 83746 | Vaults:5 | Identified Sif Muna's Incunabulum of Beguiling and Stones
                  | (Sif Muna gifted it to you on level 5 of the Vaults)
 83746 | Vaults:5 | Received a gift from Sif Muna
 83880 | Vaults:5 | Reached skill level 15 in Invocations
 83885 | Vaults:5 | Found the +3 robe of Folly {Archmagi, MR-- Int+5}
 84951 | Vaults:5 | Identified the cursed +1 trident "Trog's Righteous Anger"
                  | {flame, rN+}
 85942 | Vaults:5 | Identified Sif Muna's Catalogue of Fetching Evil (Sif Muna
                  | gifted it to you on level 5 of the Vaults)
 85942 | Vaults:5 | Received a gift from Sif Muna
 86185 | Vaults:5 | Got a silver rune of Zot
 86207 | Vaults:5 | Reached XP level 26. HP: 168/168 MP: 56/56
 87707 | Hell     | Entered the Vestibule of Hell
 87707 | Hell     | Noticed Geryon
 88318 | Hell     | Killed Geryon
 88455 | Hell     | Identified Sif Muna's Grimoire of Illusion and Shape
                  | Shifting (Sif Muna gifted it to you in the Vestibule of
                  | Hell)
 88455 | Hell     | Received a gift from Sif Muna
 88699 | Hell     | Found a gateway to the ashen valley of Gehenna.
 88837 | Hell     | Found a gateway to the decaying netherworld of Tartarus.
 88929 | Hell     | Found a gateway to the Iron City of Dis.
 88958 | Hell     | Found a gateway to the freezing wastes of Cocytus.
 89149 | Hell     | Acquired 2820 gold pieces
 89985 | Crypt:1  | Entered Level 1 of the Crypt
 91552 | Crypt:1  | Reached skill level 10 in Necromancy
 91628 | Crypt:1  | Found a transporter.
 91649 | Crypt:1  | Found a transporter.
 92418 | Crypt:2  | Identified Sif Muna's Handbook of Triumph (Sif Muna gifted
                  | it to you on level 2 of the Crypt)
 92418 | Crypt:2  | Received a gift from Sif Muna
 93496 | Crypt:3  | Entered Level 3 of the Crypt
 93553 | Crypt:3  | Noticed Saint Roka
 93565 | Crypt:3  | Killed Saint Roka
 94004 | Crypt:3  | Found a staircase to the Tomb.
 94752 | Crypt:3  | Reached skill level 15 in Necromancy
 95037 | Crypt:3  | Found a basalt altar of Yredelemnul.
 95046 | Crypt:3  | Found an ancient bone altar of Kikubaaqudgha.
 95059 | Crypt:3  | Identified Sif Muna's Grimoire of Helpful Venom
 95088 | Crypt:3  | Found the cursed +13 scythe of Curses {drain, *Curse}
 95098 | Crypt:3  | Got a scintillating bone ring
 95108 | Crypt:3  | Identified the ring "Tidi" {rF+ EV+4 Stlth+} (You found it
                  | on level 3 of the Crypt)
 95111 | Crypt:3  | Got a warped brass amulet
 95112 | Crypt:3  | Identified the amulet "Ebustun" {Reflect Int+4 SH+5} (You
                  | found it on level 3 of the Crypt)
 95543 | Crypt:3  | Learned a level 8 spell: Necromutation
 95968 | Slime:1  | Entered Level 1 of the Pits of Slime
 95976 | Slime:1  | Reached XP level 27. HP: 173/173 MP: 45/56
 96052 | Slime:2  | Reached ****** piety under Sif Muna
 97017 | Slime:5  | Entered Level 5 of the Pits of Slime
 97199 | Slime:4  | HP: 5/173 [disintegration (31)]
 97759 | Slime:5  | Found a viscous altar of Jiyva.
 97766 | Slime:5  | Noticed the Royal Jelly
 98092 | Slime:5  | Found the +3 hat of Pondering {ponderous, MR+ MP+10 Int+5}
 98249 | Slime:5  | Killed the Royal Jelly
 99137 | Slime:5  | Got a heavily runed jade ring
 99166 | Slime:5  | Identified the ring "Ibacath" {+Inv MR+ AC+4 Dex+3} (You
                  | found it on level 5 of the Pits of Slime)
 99171 | Slime:5  | Identified Ruykk's Reference Book on Shifting Lightness
 99185 | Slime:5  | Got a blackened morningstar
 99186 | Slime:5  | Identified the +9 morningstar of Peril {speed, rPois} (You
                  | found it on level 5 of the Pits of Slime)
 99208 | Slime:5  | Got a scintillating emerald amulet
 99214 | Slime:5  | Identified the amulet of Contentment {Acrobat *Drain rElec
                  | rF+ rC+} (You found it on level 5 of the Pits of Slime)
 99223 | Slime:5  | Got a slimy rune of Zot
 99274 | Slime:5  | Got a steaming diamond amulet
 99275 | Slime:5  | Identified the amulet "Sineucs" {Reflect rC+ rN+ SH+5} (You
                  | found it on level 5 of the Pits of Slime)
 99299 | Slime:5  | Identified the +2 dagger of the Butterfly {venom, Stlth+}
                  | (You found it on level 5 of the Pits of Slime)
 99311 | Slime:5  | Identified the +1 leather armour of Ennui {+Blink} (You
                  | found it on level 5 of the Pits of Slime)
 99945 | Geh:1    | Entered Level 1 of Gehenna
102216 | Geh:4    | You fall into a shaft and drop 1 floor!
102511 | Hell     | Killed from afar by a spellforged servitor

Illustrated notes

Levels and vault maps discovered:
D:1:      dpeg_arrival_arbitrary_c, layout_basic, minmay_bisected
D:2:      layout_basic, old_standard_altar, first_ration, uniq_terence
D:3:      layout_loops_cross, chequers_ecumenical_altar_grove,
          kennysheep_generic_room_5
D:4:      layout_cave_pools, old_standard_altar, columned_hall_lemuel,
          nrook_mini_backslash, lemuel_statue_altar
D:5:      black_bear_nest_1, layout_basic, gammafunk_temple_overflow_wave,
          lemuel_doored_altar
D:6:      layout_loops_ring, eat_drink_and_be_merry_uskayaw,
          grunt_gozag_statues, old_standard_altar, minmay_temple_entry_slanted,
          gammafunk_ghost_abyssal_escape
D:7:      layout_loops_corners, grunt_temple_overflow_lords_of_destruction,
          okawaru_humans, basic_altar, minmay_misc_feat_columns, grunt_ogre_cave
D:8:      layout_basic, kennysheep_little_box, minmay_misc_feat_encased,
          bloody_makhleb, uniq_joseph, uniq_maggie
D:9:      layout_long_grid, nicolae_overflow_crystal_walls, david_orc_1_choice,
          introduction_to_nature_1
D:10:     layout_irregular_city, lair_entry_dummy, grunt_ministairs_9,
          nicolae_twisting_strands, nicolae_elemental_shop,
          kennysheep_generic_room_3
D:11:     layout_loops_corners, nicolae_sextant, cheibriados_altar_1
D:12:     layout_basic
D:13:     layout_roguey, minmay_misc_feat_square, nicolae_ru_awakened_eye,
          uniq_frances, uniq_snorg
D:14:     layout_loops_ring, ximxim_vaults_locker_room,
          ebering_ghost_inner_flame, grunt_dithmenos_smoke
D:15:     grunt_enter_depths_hoard, layout_basic, enter_trove_5,
          ebering_dispersal_statue_hall, kennysheep_treasure_room
Lair:1:   layout_regular_city, grunt_forest_large_clearings, grunt_megastairs_1,
          lemuel_fruit_fields
Lair:2:   layout_regular_city, shoals_dummy_entry
Lair:3:   layout_gridlike, dummy_snake_entry, uniq_rupert
Lair:4:   layout_regular_city, ice2_lemuel
Lair:5:   layout_loops_ring, gauntlet_entry_generic, minmay_lair_oklob_chamber,
          grunt_megastairs_3
Lair:6:   cheibrodos_lair_end_hotspot, layout_gridlike, slime_altar_1,
          uniq_josephine
Shoals:1: layout_shoals
Shoals:2: layout_shoals, uniq_ilsuiw
Shoals:3: layout_shoals
Shoals:4: shoals_end_simple, layout_shoals, shoal_ilsuiw,
          nicolae_shoals_cliffside_cave
Snake:1:  layout_gridlike, serial_bayou_shore_b
Snake:2:  layout_honeycomb, uniq_kirke
Snake:3:  layout_gridlike
Snake:4:  snake_pit, layout_cave_town, serial_shops, shop,
          minmay_shop_grid_forest
Slime:1:  layout_caves, cheibrodos_slime_lost_civilization_4
Slime:2:  layout_caves
Slime:3:  layout_caves
Slime:4:  layout_caves
Slime:5
Orc:1:    layout_diamond_mine
Orc:2:    st_orc_congregation, layout_diamond_mine, serial_shops,
          nicolae_shop_window_shopping
Elf:1:    eino_elf_arrival_shootout, layout_geoelf_octagon, serial_shops,
          nicolae_shop_overgrown_old_shop, minmay_elf_crystal_heptagon,
          st_stairs_8, serial_sigils_hangedman_writhe
Elf:2:    layout_loops_ring, uniq_aizul, uniq_donald
Elf:3:    minmay_elf_hall_furrowed, layout_gridlike,
          lightli_enter_wizlab_magi_temple
Vaults:1: nicolae_vaults_fighting_squares, nicolae_vaults_hallways_thing,
          v_misc_2, ontoclasm_vaults_ligature, v_misc_14, vaults_dpeg_ring,
          vaults_mumra_chevron_long, vaults_dpeg_cross,
          nicolae_vaults_yaktaur_gun_rack, layout_vaults_chaotic_city
Vaults:2: vaults_room_semicircle, nicolae_vaults_specimen_jars,
          ontoclasm_vaults_gallery, vaults_room_grid,
          vaults_standard_mumra_lines, nicolae_vaults_shelves_hall,
          vaults_room_semicircle, minmay_crypt_entry_simple_statues, v_misc_23,
          vaults_room_large_hall, nicolae_vaults_big_ls,
          vaults_mumra_minichess_inversion, ontoclasm_vaults_claustrophobia,
          layout_vaults_maze, serial_shops, shop, basic_altar
Vaults:3: ontoclasm_vaults_shout, nicolae_vaults_little_ls,
          hangedman_vaults_locks, v_pattern_2, v_misc_17,
          ontoclasm_vaults_fault, vaults_room_hallway, nicolae_vaults_alarming,
          nicolae_vaults_mini_display_case, ontoclasm_vaults_eye,
          vaults_dpeg_hooks, ontoclasm_vaults_loading_screen,
          layout_vaults_omnigrid, portal_desolation_entry_garden
Vaults:4: nicolae_vaults_display_case, v_misc_25, hangedman_vaults_slice,
          nicolae_vaults_what_the_h, dpeg_vaults_monster_row,
          vaults_room_fancy_cross, v_misc_2, v_alt_pattern_2,
          ontoclasm_vaults_twist, vaults_room_corners, nicolae_vaults_theta,
          ontoclasm_vaults_gateway, layout_vaults_omnicross, uniq_bai_suzhen
Vaults:5
Crypt:1:  gammafunk_sealed_arena, layout_misc_corridors
Crypt:2:  statuecave_lemuel, layout_misc_corridors, minmay_strange_pillars,
          minivault_24, minivault_23, st_shrine_of_skulls
Crypt:3:  lightli_unholy_cathedral, layout_chaotic_city,
          tomb_entry_simple_bobbens, serial_glass, glass_columns_b,
          glass_columns_a, uniq_saint_roka
Depths:1: layout_forbidden_donut, hell_entry, minmay_misc_feat_doors,
          grunt_ministairs_8, minmay_misc_feat_iff, kennysheep_flooded_box,
          evilmike_ruin_ashenzari, grunt_megastairs_4
Depths:2: minmay_the_grid_triangle_9x9_rhombus_thin_mashed
          [minmay_the_grid_triangle_9x9_tough_junction,
          minmay_the_grid_triangle_9x9_prize_top_heavy,
          minmay_the_grid_triangle_9x9_descending_squares,
          minmay_the_grid_triangle_9x9_minimal], layout_honeycomb, abyss_entry,
          pf_hell_entry_tar_spiral, minmay_misc_feat_hallway,
          infiniplex_staircase_trident
Depths:3: minmay_quantized_circle, layout_basic, enter_ziggurat_e, tso_altar,
          grunt_metal_band, nicolae_abyss_entry_one_way_or_another,
          rand_demon_pan_entry_9
Depths:4: minmay_central_circle, layout_basic, grunt_hell_entry_dis_old,
          minmay_misc_feat_five, abyss_entry, uniq_boris, uniq_mara
Depths:5: grunt_zot_entry_alcove, layout_cave_pools, grunt_pan_entry_spiral,
          abyss_entry, hell_entry, chequers_serial_rivers_large_a,
          nrook_mini_vaults, chequers_serial_rivers_small_a, uniq_frederick
Hell
Geh:1:    layout_gehenna_lava_caves
Geh:2:    layout_gehenna_lava_caves
Geh:3:    layout_gehenna_lava_caves, special_room [special_room_morgue]
Geh:4:    layout_gehenna_pools_triple, hangedman_hellfire_club
Geh:5:    layout_gehenna_pools_basic
Geh:6:    layout_gehenna_lava_caves, lemuel_flamethrower_2

Skill      XL: |  1  2  3  4  5  6  7  8  9 10 11 12 13 14 15 16 17 18 19 20 21 22 23 24 25 26 27 |
---------------+----------------------------------------------------------------------------------+-----
Dodging        | 3 |  3.0
Earth Magic    | 4 5 6 7 8 9 10 12 13 14 15 16 18 19 22 23 24 25 | 25.1
Stealth        | 3 |  3.0
Spellcasting   | 4 5 7 8 10 11 12 14 16 17 18 20 21 22 23 24 26 27 | 27.0
Conjurations   | 1 2 3 4 5 6 7 8 10 12 | 12.0
Invocations    | 2 4 5 7 8 9 10 11 12 15 16 | 16.3
Fighting       | 2 3 4 5 6 7 8 9 10 11 12 14 17 18 | 18.2
Fire Magic     | 2 4 |  4.0
Transmutations | 2 4 5 7 10 13 | 13.0
Summonings     | 3 6 7 10 | 10.0
Necromancy     | 5 6 8 15 18 | 18.8
Axes           | 6 9 |  9.0

Action                   |  1- 3 |  4- 6 |  7- 9 | 10-12 | 13-15 | 16-18 | 19-21 | 22-24 | 25-27 || total
-------------------------+-------+-------+-------+-------+-------+-------+-------+-------+-------++-------
Melee: Unarmed           |     4 |       |       |       |       |       |       |       |       ||     4
       Dagger            |    12 |     8 |     1 |       |       |       |       |       |       ||    21
       Short sword       |       |     3 |       |       |       |    14 |    12 |       |    82 ||   111
       Trident           |       |       |       |       |    11 |       |       |       |       ||    11
       Battleaxe         |       |       |       |       |       |    10 |     2 |       |       ||    12
       Glaive            |       |       |       |       |       |       |    15 |    11 |    34 ||    60
       Staff             |       |       |       |       |       |       |       |       |    11 ||    11
 Cast: Sandblast         |    35 |    69 |    49 |    74 |   207 |     6 |     3 |     1 |     3 ||   447
       Stone Arrow       |     9 |    17 |    65 |    63 |   159 |     2 |       |       |     2 ||   317
       Lee's Rapid Decon |       |       |    18 |    94 |   249 |   130 |    80 |    70 |    58 ||   699
       Fireball          |       |       |       |     4 |     7 |     2 |       |       |       ||    13
       Petrify           |       |       |       |     4 |    19 |     1 |     2 |       |       ||    26
       Passwall          |       |       |       |     3 |     1 |       |       |     1 |       ||     5
       Iron Shot         |       |       |       |       |    49 |   287 |   346 |   205 |   407 ||  1294
       Spellforged Servi |       |       |       |       |     2 |    24 |    54 |    44 |   119 ||   243
       Starburst         |       |       |       |       |     4 |       |       |       |       ||     4
       Mephitic Cloud    |       |       |       |       |     3 |     2 |       |       |       ||     5
       Statue Form       |       |       |       |       |     2 |    25 |    30 |    18 |    23 ||    98
       Swiftness         |       |       |       |       |     1 |     9 |    18 |     7 |    34 ||    69
       Borgnjor's Vile C |       |       |       |       |       |   280 |   165 |   158 |   227 ||   830
       Lehudib's Crystal |       |       |       |       |       |     1 |    52 |    12 |    33 ||    98
       Shatter           |       |       |       |       |       |       |     2 |       |    31 ||    33
       Necromutation     |       |       |       |       |       |       |       |       |    43 ||    43
Invok: Channel Magic     |       |       |       |       |     2 |     1 |     1 |     2 |     5 ||    11
 Abil: End Transformatio |       |       |       |       |     1 |    25 |    27 |    15 |    36 ||   104
Evoke: Wand              |       |       |       |    10 |       |       |       |       |       ||    10
  Use: Scroll            |       |       |     6 |     9 |    11 |    11 |    21 |     5 |    19 ||    82
       Potion            |       |       |       |     4 |     3 |     7 |     3 |     1 |     7 ||    25
 Stab: Sleeping          |     7 |       |       |       |       |       |       |       |       ||     7
       Distracted        |       |     1 |       |       |       |       |     1 |     1 |     2 ||     5
  Eat: Chunk             |     4 |     8 |    12 |    20 |    48 |    43 |    51 |    30 |    18 ||   234
       Ration            |       |       |       |       |     2 |     5 |     2 |     1 |    11 ||    21
Armor: Robe              |     7 |     5 |     3 |     7 |    14 |     3 |    39 |    13 |   162 ||   253
       Skin              |       |       |       |       |    36 |   130 |    74 |    44 |   156 ||   440
       Steam dragon scal |       |       |       |       |    10 |    43 |       |       |       ||    53
Dodge: Dodged            |    24 |    17 |    26 |    25 |   111 |   231 |   186 |   106 |   470 ||  1196
Block: Other             |       |       |       |       |     7 |    86 |    39 |       |       ||   132
       Reflection        |       |       |       |       |       |    19 |    11 |       |       ||    30
